 Dungeon Crawl Stone Soup version 0.29-a0-419-g77450f2105 (webtiles) character file.

Game seed: 5898586638402569020

6 KhasaRR the Skirmisher (level 1, 0/18 HPs)
             Began as a Demonspawn Monk on May 18, 2022.
             Slain by a quokka (5 damage)
             ... on level 1 of the Dungeon.
             The game lasted 00:00:46 (523 turns).

KhasaRR the Skirmisher (Demonspawn Monk)             Turns: 523, Time: 00:00:47

Health: 0/18       AC:  2    Str: 11    XL:     1   Next: 75%
Magic:  1/1        EV: 13    Int: 11    God:
Gold:   56         SH:  0    Dex: 15    Spells: 0/0 levels left

rFire   . . .      SeeInvis .     - Unarmed
rCold   . . .      Faith    .   (no shield)
rNeg    . . .      Spirit   .   a - +0 robe
rPois   .          Reflect  .   (no helmet)
rElec   .          Harm     .   (no cloak)
rCorr   .          Rampage  .   (no gloves)
Will    .....                   (no boots)
Stlth   ++........              (no amulet)
HPRegen 0.06/turn               (no ring)
MPRegen 0.07/turn               (no ring)

@: no status effects
A: no striking features
a: no special abilities


You were on level 1 of the Dungeon.
You visited 1 branch of the dungeon, and saw 1 of its levels.

You collected 56 gold pieces.

Inventory:

Armour
 a - a +0 robe (worn)
Scrolls
 c - 3 scrolls of teleportation {unknown}
 d - 2 scrolls of identify {unknown}
 f - a scroll of enchant weapon {unknown}
Potions
 b - 2 potions of ambrosia
 e - a potion of brilliance {unknown}


   Skills:
 + Level 3.1 Fighting
 * Level 0.3 Armour
 + Level 2.8 Dodging
 - Level 1.7 Stealth
 + Level 2.8 Unarmed Combat


You couldn't memorise any spells.
You didn't know any spells.
Your spell library was empty.

Dungeon Overview and Level Annotations

Branches:
Dungeon (1/15)

Altars:


Message History

The quokka is almost dead.
The quokka closely misses you. The quokka barely misses you. x2
The quokka bites you.
You hit the quokka.
You kill the quokka!
The quokka closely misses you.
You hit the quokka but do no damage. The quokka misses you.
You hit the quokka.
You kill the quokka!
No target in view!
As you open the door, it creaks loudly!
There is an open door here.
Found a stone staircase leading down.
There is a stone staircase leading down here.
You open the door.
There is an open door here.
Found 2 boomerangs.
You now have 56 gold pieces (gained 9).
A quokka comes into view.
Found 16 gold pieces.
You hit the quokka but do no damage. The quokka completely misses you.
You hit the quokka.
The quokka is moderately wounded.
The quokka bites you. The quokka barely misses you.
You closely miss the quokka.
The quokka is moderately wounded.
The quokka bites you.
You barely miss the quokka.
The quokka is moderately wounded.
The quokka bites you.
You are too injured to fight recklessly!
You are too injured to fight recklessly!
You barely miss the quokka.
The quokka is moderately wounded.
The quokka bites you.
* * * LOW HITPOINT WARNING * * *
You hit the quokka.
The quokka is almost dead.
The quokka bites you.
You die...

## ###. #..
#r#
######@#.##(.
#####
#............#
....#
#.####.......#
....# #.#
#####.#$#
....#######.#
..
..........#.#
.#
..........#.#
.
..........#.#
.#
#'##......#.#
#.#


You could see a quokka.

Vanquished Creatures
  A goblin (D:1)
  A hobgoblin (D:1)
  2 quokkas (D:1)
  A ball python (D:1)
5 creatures vanquished.

Notes
Turn   | Place    | Note
-------+----------+-------------------------------------------
     0 | D:1      | KhasaRR the Demonspawn Monk began the quest for the Orb.
     0 | D:1      | Reached XP level 1. HP: 18/18 MP: 1/1
   523 | D:1      | Slain by a quokka

Illustrated notes

Levels and vault maps discovered:
D:1:      lightli_arrival_noodles, layout_basic

Action                   || total
-------------------------++-------
Melee: Unarmed           ||    23
       Punch             ||     1
Armor: Robe              ||     2
Dodge: Dodged            ||    14

Table legend: (Time is in decaauts)
 A = Elapsed time spent in this place.
 B = Non-inter-level travel time spent in this place.
 C = Inter-level travel time spent in this place.
 D = Time resting spent in this place.
 E = Time spent auto-exploring this place.
 F = Levels seen in this place.
 G = Mean time per level.
                   A        B        C        D        E       F      G
               +--------+--------+--------+--------+--------+-----+--------+
         Total |    522 |    522 |      0 |      0 |    469 |   1 |  522.0 |
       Dungeon |    522 |    522 |      0 |      0 |    469 |   1 |  522.0 |
               +--------+--------+--------+--------+--------+-----+--------+

Top non-repeatable levels by time:
     D:1: 522 daAuts
